Map: Malwarfare

Players

monk

  • Race: Protoss Protoss
  • Spawn Location: 7:00

sTkmonk

  • Race: Terran Terran
  • Spawn Location: 7:00

VOD

Have the link to the VOD?

Description

Time

  • Played on: Sept. 27, 2017, 5:59 a.m.
  • Length: 24:06
Show
View Real Time Build Order
Export as new Build Order

monk Protoss 

Build Orders:  

Get SALT Encoding   

  13  0:10  Probe (Chrono Boost)  
  13  0:22  Probe (Chrono Boost)  
  14  0:33  Probe (Chrono Boost)  
  15  0:40  Gateway  
  15  0:45  Probe (Chrono Boost)  
  16  0:54  Assimilator  
  16  0:57  Probe (Chrono Boost)  
  17  1:05  Assimilator  
  18  1:10  Probe (Chrono Boost)  
  18  1:22  Probe (Chrono Boost)  
  19  1:34  Probe (Chrono Boost)  
  20  1:45  Probe (Chrono Boost)  
  21  1:50  Cybernetics Core  
  21  2:02  Probe  
  22  2:18  Probe  
  23  2:29  Zealot x3  
  29  2:35  Probe (Chrono Boost)  
  30  3:07  Nexus  
  30  3:12  Probe (Chrono Boost)  
  31  3:24  Probe (Chrono Boost)  
  32  3:36  Probe (Chrono Boost)  
  32  3:37  Stargate  
  33  3:48  Probe (Chrono Boost)  
  35  4:00  Probe (Chrono Boost)  
  35  4:11  Probe (Chrono Boost)  
  35  4:13  Assimilator  
  36  4:21  Assimilator  
  36  4:23  Probe (Chrono Boost)  
  37  4:38  Probe (Chrono Boost)  
  38  4:42  Fleet Beacon  
  39  4:50  Probe (Chrono Boost)  
  39  4:51  Pylon  
  39  4:56  Probe (Chrono Boost)  
  40  5:02  Probe (Chrono Boost)  
  40  5:08  Probe (Chrono Boost)  
  42  5:14  Probe (Chrono Boost)  
  42  5:19  Probe (Chrono Boost)  
  44  5:26  Probe (Chrono Boost)  
  45  5:31  Probe (Chrono Boost)  
  45  5:37  Probe (Chrono Boost)  
  45  5:39  Probe (Chrono Boost)  
  47  5:47  Tempest  
  47  5:49  Probe  
  52  5:53  Probe  
  54  6:01  Probe  
  55  6:11  Tempest  
  55  6:13  Probe  
  55  6:14  Probe  
  55  6:19  Protoss Air Weapons Level 1 (Chrono Boost)  
  61  6:25  Probe  
  61  6:31  Probe  
  61  6:37  Probe  
  63  6:44  Tempest  
  68  6:59  Tempest  
  72  7:06  Probe  
  72  7:19  Twilight Council  
  73  7:23  Tempest  
  77  7:31  Stargate  
  77  7:52  Gateway  
  77  7:55  Gateway  
  77  7:57  Tempest  
  81  8:03  Disintegration  
  81  8:18  Whirlwind (Chrono Boost)  
  79  8:24  Protoss Air Weapons Level 2  
  79  8:35  Pylon  
  79  8:38  Gateway  
  79  8:42  Tempest  
  83  9:00  Tempest  
  87  9:35  Zealot x4  
  87  9:36  Zealot x3  
  101  9:48  Tempest  
  105  9:55  Zealot  
  107  10:03  Zealot  
  107  10:04  Zealot  
  111  10:17  Tempest  
  113  10:39  Charge (Chrono Boost)  
  113  10:52  Zealot x2  
  113  10:53  Zealot x3  
  113  10:55  Tempest  
  127  11:25  Tempest  
  127  11:28  Zealot  
  127  11:29  Zealot x4  
  129  11:52  Robotics Facility  
  129  11:56  Forge  
  125  12:02  Protoss Air Weapons Level 3  
  125  12:03  Tempest  
  129  12:33  Zealot x6  
  141  12:40  Tempest  
  141  12:44  Protoss Ground Weapons Level 1 (Chrono Boost)  
  145  13:21  Observer  
  146  13:52  Tempest  
  146  13:59  Zealot x6  
  160  14:00  Zealot  
  160  14:27  Tempest  
  164  14:37  Observer  
  165  14:49  Tempest  
  169  14:51  Zealot  
  169  14:52  Zealot x7  
  185  15:14  Protoss Ground Weapons Level 2 (Chrono Boost)  
  185  15:34  Tempest  
  179  16:35  Tempest x2  
  169  17:11  Zealot x2  
  169  17:12  Zealot x7  
  169  17:13  Zealot x2  
  173  17:42  Tempest x2  
  173  17:43  Tempest  
  175  18:17  Zealot x7, Protoss Ground Weapons Level 3 (Chrono Boost)  
  175  18:18  Zealot x2  
  169  18:41  Tempest x2  
  175  20:11  Tempest x2  
  181  21:17  Tempest x2  
  189  21:39  Zealot x7  
  193  21:40  Zealot x3  
  193  21:55  Zealot x2  
  179  22:23  Tempest x2  
  179  22:24  Tempest  
  181  22:30  Zealot  
  181  22:31  Zealot x3  
  181  22:57  Zealot x4  
  189  23:01  Tempest  
  189  23:05  Tempest  
  181  23:46  Tempest x2  
Show
View Real Time Build Order
Export as new Build Order

sTkmonk Terran 

Build Orders:  

Get SALT Encoding   

Tags
 
Commander
ArtanisRaynor
Matchup
Co-op
Replay Pack
Co-op Speedrun
Add a new tag
Caveats
  • Supply blocks, unpowered buildings, or Contaminate may cause inaccurate times.
  • Supply counts are checked every 10 seconds.